 Dungeon Crawl Stone Soup version 0.32-a0-913-g739538afd8 (webtiles) character file.

Game seed: 15613800497753637179

142 innerfire43 the Shooter (level 5, -1/28 HPs)
             Began as a Kobold Wanderer on Apr 7, 2024.
             Was an Initiate of Nemelex Xobeh.
             Incinerated by a bombardier beetle (3 damage)
             ... with a burning spray
             ... on level 4 of the Dungeon on Apr 8, 2024.
             The game lasted 00:08:55 (2170 turns).

innerfire43 the Shooter (Kobold Wanderer)           Turns: 2170, Time: 00:08:55

Health: -1/28      AC:  2    Str: 11 (13) XL:     5   Next: 50%
Magic:  6/6        EV: 14    Int:  7 (10) God:    Nemelex Xobeh [......]
Gold:   206        SH:  0    Dex: 13 (16) Spells: 6/6 levels left

rFire   . . .        a - +2 sling
rCold   . . .        (no shield)
rNeg    . . .        d - +0 robe
rPois   .            (no helmet)
rElec   .            (no cloak)
rCorr   .            (no gloves)
SInv    .            (no boots)
Will    .....        (no amulet)
Stlth   +            (no ring)
HPRegen 0.24/turn    (no ring)
MPRegen 0.10/turn

%: no passive effects
@: on fire, glowing
A: small, no large weapons, nightstalker 3
a: Renounce Religion, Draw Escape, Draw Destruction, Draw Summoning


You were on level 4 of the Dungeon.
You worshipped Nemelex Xobeh.
Nemelex Xobeh was noncommittal.
You visited 1 branch of the dungeon, and saw 4 of its levels.

You collected 206 gold pieces.

Inventory:

Hand Weapons
 a - a +2 sling (weapon)
Armour
 d - a +0 robe (worn)
Scrolls
 e - 3 scrolls of identify {unknown}
 h - a scroll of fear {unknown}
 j - a scroll of teleportation {unknown}
 k - a scroll of fog {unknown}
 l - a scroll of brand weapon {unknown}
Potions
 b - a potion of degeneration
 c - a potion of haste
 f - 2 potions of lignification
 g - a potion of attraction {unknown}
 i - a potion of enlightenment {unknown}
 m - a potion of might {unknown}


   Skills:
 + Level 7.0 Ranged Weapons
 - Level 2.3 Throwing
 + Level 2.7 Dodging
 - Level 1.2 Spellcasting
 - Level 1.1 Translocations
 * Level 1.5 Invocations
 - Level 2.5 Evocations


You had 6 spell levels left.
You didn't know any spells.
Your spell library contained the following spells:

 Spells                   Type           Power      Damage    Failure   Level
 Blink                    Tloc           4%         N/A       36%         2
 Slow                     Hex            0%         N/A       38%         1
 Momentum Strike          Conj/Tloc      2%         3d8       45%         2
 Confusing Touch          Hex            0%         N/A       77%         3
 Hailstorm                Conj/Ice       0%         3d5       77%         3
 Summon Ice Beast         Ice/Summ       0%         N/A       77%         3
 Vampiric Draining        Necr           0%         2d6       77%         3
 Permafrost Eruption      Ice/Erth       0%         2x4d1     100%        6
 Sculpt Simulacrum        Ice/Alch       0%         N/A       100%        6


Dungeon Overview and Level Annotations

Branches:
Dungeon (4/15)
 Temple: D:4-7

Altars:
Ashenzari
Nemelex Xobeh
Ru
Xom
Zin

Shops:
D:1 *

Annotations:
D:4 3 runed translucent doors


Innate Abilities, Weirdness & Mutations

You are small and have problems with some larger weapons.
You are completely attuned to the shadows.


Message History

The bombardier beetle sprays incendiary fluid at you.
The burning spray hits you.
You are even more covered in liquid fire!
You shoot a sling bullet.
The sling bullet hits the bombardier beetle.
The bombardier beetle is severely wounded.
The liquid fire burns you!
You are on fire!
You are too injured to fight recklessly!
You are too injured to fight recklessly!
You are on fire!
You are too injured to fight recklessly!
You are on fire!
You are too injured to fight recklessly!
Unknown command.
Fire: a) +2 sling
Press: ? - help, Shift-Dir - straight line, f/p - bombardier beetle
Aim: a bombardier beetle (severely wounded, 73% to hit)
You shoot a sling bullet.
The sling bullet hits the bombardier beetle but does no damage.
The bombardier beetle is severely wounded.
The liquid fire burns you!
* * * LOW HITPOINT WARNING * * *
Unknown command.
Fire: a) +2 sling
Press: ? - help, Shift-Dir - straight line, f/p - bombardier beetle
Aim: a bombardier beetle (severely wounded, 73% to hit)
You shoot a sling bullet.
The sling bullet hits the bombardier beetle.
You kill the bombardier beetle!
The liquid fire burns you!
* * * LOW HITPOINT WARNING * * *
Your Ranged Weapons skill increases to level 7!
Your Invocations skill increases to level 1!
Unknown command.
It was a potion of degeneration.
There was something very wrong with that liquid.
You feel weakened.
You feel dopey.
You feel clumsy. The liquid fire burns you!
You die...
Your body disappears without additional glow.

.. #..... ##.#
#.....
.(#..####)....
..#....##<....
(.+..#........
..+...........
..+.......####
.(#..##...#
..#.@####.#
#####...#.#
.#.# .. . .#.


There were no monsters in sight!

Vanquished Creatures
  A bombardier beetle (D:4)
  4 adders
  2 dart slugs
  2 ribbon worms
  4 orcs (D:3)
  4 ball pythons
  6 bats
  6 endoplasms
  3 giant cockroaches
  7 goblins
  4 hobgoblins
  6 kobolds
  3 quokkas
  5 frilled lizards
  5 rats
62 creatures vanquished.

Notes
Turn   | Place    | Note
-------+----------+-------------------------------------------
     0 | D:1      | innerfire43 the Kobold Wanderer began the quest for the
                  | Orb.
     0 | D:1      | innerfire43 set off with the following items: a +2 sling, a
                  | wand of polymorph (7), a potion of haste, a +0 robe; and
                  | the following spells available to memorise: Blink, Momentum
                  | Strike.
     0 | D:1      | Reached XP level 1. HP: 10/10 MP: 2/2
   111 | D:1      | Found Quorusun's Assorted Antiques.
   162 | D:1      | Reached XP level 2. HP: 15/15 MP: 3/3
   336 | D:1      | Reached skill level 1 in Dodging
   418 | D:1      | Reached XP level 3. HP: 19/19 MP: 4/4
   709 | D:2      | Reached skill level 6 in Ranged Weapons
  1112 | D:2      | Reached XP level 4. HP: 24/24 MP: 5/5
  1739 | D:3      | Found a glowing silver altar of Zin.
  1850 | D:3      | Found a sacrificial altar of Ru.
  1863 | D:3      | Found a sparkling altar of Nemelex Xobeh.
  1869 | D:3      | Found a broken altar of Ashenzari.
  1879 | D:3      | Found a shimmering altar of Xom.
  1888 | D:3      | Became a worshipper of Nemelex Xobeh the Trickster
  1953 | D:3      | Reached XP level 5. HP: 26/28 MP: 6/6
  2157 | D:4      | Found a runed translucent gate.
  2157 | D:4      | Found a runed translucent gate.
  2158 | D:4      | Found a runed translucent gate.
  2169 | D:4      | HP: 1/28 [burnt (5)]
  2170 | D:4      | Reached skill level 7 in Ranged Weapons
  2170 | D:4      | Reached skill level 1 in Invocations
  2170 | D:4      | Incinerated by a bombardier beetle

Illustrated notes

Levels and vault maps discovered:
D:1:      kilobyte_arrival_exit_the_forest, layout_rooms, serial_shops,
          nicolae_shop_stone, serial_glass, glass_columns_b, glass_columns_a
D:2:      layout_rooms, kennysheep_generic_room_4
D:3:      layout_rooms, nicolae_overflow_macrodata_refinement,
          amcnicky_altar_gilded, minmay_misc_feat_nine_boxes
D:4:      layout_basic, ebering_ghost_rock_garden, serial_curves,
          eino_curves_01, eino_curves_04, minmay_fractal_squares_gapless_5

Skill      XL: |  1  2  3  4  5 |
---------------+----------------+-----
Dodging        | 1 2 |  2.7
Ranged Weapons | 6 7 |  7.0
Invocations    | 1 |  1.5
Throwing       | |  2.3
Spellcasting   | |  1.2
Translocations | |  1.1
Evocations     | |  2.5

Action                     |  1- 3 |  4- 6 || total
---------------------------+-------+-------++-------
   Fire: Sling             |    73 |    99 ||   172
  Evoke: Wand              |       |     7 ||     7
    Use: Potion            |       |     2 ||     2
 Armour: Robe              |     6 |    23 ||    29
         Skin              |       |    24 ||    24
  Dodge: Dodged            |    15 |    57 ||    72

Table legend: (Time is in decaauts)
 A = Elapsed time spent in this place.
 B = Non-inter-level travel time spent in this place.
 C = Inter-level travel time spent in this place.
 D = Time resting spent in this place.
 E = Time spent auto-exploring this place.
 F = Levels seen in this place.
 G = Mean time per level.
                   A        B        C        D        E       F      G
               +--------+--------+--------+--------+--------+-----+--------+
         Total |   2189 |   2041 |    148 |      0 |   1606 |   4 |  547.2 |
       Dungeon |   2189 |   2041 |    148 |      0 |   1606 |   4 |  547.2 |
               +--------+--------+--------+--------+--------+-----+--------+

Top non-repeatable levels by time:
     D:3: 899 daAuts
     D:1: 693 daAuts
     D:2: 573 daAuts
     D:4: 24 daAuts
